 Dungeon Crawl Stone Soup version 0.26.1-2-gb8aa6d0cf2 (webtiles) character file.

Game seed: 6952389498252565954

249 Ladykiller69 the Covert (level 6, 0/53 HPs)
             Began as a Gnoll Delver on Mar 25, 2021.
             Slain by a gnoll (7 damage)
             ... on level 2 of the Dungeon.
             The game lasted 00:06:37 (2019 turns).

Ladykiller69 the Covert (Gnoll Delver)              Turns: 2019, Time: 00:06:38

Health: 0/53       AC:  4    Str: 16    XL:     6   Next: 12%
Magic:  8/8        EV: 15    Int: 13    God:
Gold:   166        SH:  0    Dex: 16    Spells: 8/8 levels left

rFire    . . .     SeeInvis .   a - +0 short sword
rCold    . . .     Faith    .   (no shield)
rNeg     . . .     Spirit   .   b - +0 leather armour
rPois    .         Reflect  .   (no helmet)
rElec    .         Harm     +   q - scarf {harm}
rCorr    .         Rampage  .   (no gloves)
Will     .....                  i - +0 pair of boots
Stlth    ++++......             (no amulet)
HPRegen  0.17/turn              (no ring)
MPRegen  0.11/turn              (no ring)

@: no status effects
A: distributed training, fangs 1, strong nose
a: no special abilities


You were on level 2 of the Dungeon.
You visited 1 branch of the dungeon, and saw 5 of its levels.

You collected 166 gold pieces.

Inventory:

Hand Weapons
 a - a +0 short sword (weapon)
Missiles
 l - 11 poisoned darts (quivered)
 r - a throwing net
Armour
 b - a +0 leather armour (worn)
 i - a +0 pair of boots (worn)
 q - a scarf of harm (worn)
Jewellery
 p - an uncursed ring of stealth {unknown}
Wands
 g - a wand of digging (3)
Scrolls
 c - 3 scrolls of fog
 d - 2 scrolls of magic mapping
 e - a scroll of fear
 h - 2 scrolls of remove curse {unknown}
 k - 2 scrolls of blinking {unknown}
 m - 2 scrolls of immolation {unknown}
 n - 2 scrolls of teleportation {unknown}
 o - 2 scrolls of identify {unknown}
Potions
 f - a potion of haste
 j - a potion of flight {unknown}


   Skills:
 + Level 6.8 Fighting
 + Level 4.9 Short Blades
 + Level 1.8 Long Blades
 + Level 1.8 Axes
 + Level 1.8 Maces & Flails
 + Level 1.8 Polearms
 + Level 1.8 Staves
 + Level 1.8 Slings
 + Level 1.8 Bows
 + Level 1.8 Crossbows
 + Level 1.8 Throwing
 + Level 1.8 Armour
 + Level 4.9 Dodging
 + Level 9.7 Stealth
 + Level 1.8 Shields
 + Level 1.8 Unarmed Combat
 + Level 1.8 Spellcasting
 + Level 1.4 Conjurations
 + Level 1.4 Hexes
 + Level 1.4 Summonings
 + Level 1.4 Necromancy
 + Level 1.4 Translocations
 + Level 1.4 Transmutations
 + Level 1.4 Fire Magic
 + Level 1.4 Ice Magic
 + Level 1.4 Air Magic
 + Level 1.4 Earth Magic
 + Level 1.4 Poison Magic
 + Level 2.0 Invocations
 + Level 1.8 Evocations


You had 8 spell levels left.
You didn't know any spells.
Your spell library was empty.

Dungeon Overview and Level Annotations

Branches:
Dungeon (5/15)
 Temple: D:4-7

Altars:

Annotations:
D:2 Jessica
D:4 exclusion: 3 jackals


Innate Abilities, Weirdness & Mutations

Your experience applies equally to all skills.
You have very sharp teeth.
Your uncanny sense of smell can sniff out nearby items.


Message History

The gnoll barely misses you.
You closely miss the gnoll. The gnoll closely misses you.
The gnoll hits you with a +0 flail.
You barely miss the gnoll. Your bite misses the gnoll.
The gnoll completely misses you. The gnoll misses you.
You hit the gnoll.
The gnoll is lightly wounded.
The gnoll barely misses you.
You hit the gnoll. Your bite misses the gnoll.
The gnoll is moderately wounded.
The gnoll closely misses you. The gnoll hits you.
You hit the gnoll but do no damage.
The gnoll is moderately wounded.
The gnoll closely misses you. The gnoll hits you with a +0 flail!
* * * LOW HITPOINT WARNING * * *
You barely miss the gnoll.
The gnoll is moderately wounded.
The dart slug barely misses you. The gnoll hits you.
You die...

#.##..##..... ###
#...........# #.##
#....#.##.#..
#..####....>.#.....
#........>......#..
#.#####............
#.## #....#.#.##..
#..# #.####.#.##..
##@# #.#....#.#...
#g# #.#.## ....##
#g####.#.###.###
#............#
##..........#
#....w....#####
#.........#...
#..[......#.#
#...........#


You could see 2 gnolls.

Vanquished Creatures
  An ogre (D:5)
  A worker ant (D:4)
  4 gnolls
  4 adders
  An ooze (D:1)
  A worm (D:4)
  3 dart slugs
  A leopard gecko (D:5)
  An orc (D:4)
  4 bats
  4 goblins (D:1)
  6 hobgoblins
  5 jackals (D:2)
  10 kobolds
  A quokka (D:2)
  7 frilled lizards
  2 rats
56 creatures vanquished.

Notes
Turn   | Place    | Note
-------+----------+-------------------------------------------
     0 | D:5      | Reached skill level 9 in Stealth
     0 | D:5      | Ladykiller69 the Gnoll Delver began the quest for the Orb.
     0 | D:5      | Reached XP level 1. HP: 23/23 MP: 1/1
    15 | D:5      | Noticed an iguana
    57 | D:5      | Noticed an ogre
    60 | D:5      | Killed an ogre
    61 | D:5      | Reached skill level 1 in Long Blades
    61 | D:5      | Reached skill level 1 in Axes
    61 | D:5      | Reached skill level 1 in Maces & Flails
    61 | D:5      | Reached skill level 1 in Polearms
    61 | D:5      | Reached skill level 1 in Staves
    61 | D:5      | Reached skill level 1 in Slings
    61 | D:5      | Reached skill level 1 in Bows
    61 | D:5      | Reached skill level 1 in Crossbows
    61 | D:5      | Reached skill level 1 in Throwing
    61 | D:5      | Reached skill level 1 in Armour
    61 | D:5      | Reached skill level 1 in Shields
    61 | D:5      | Reached skill level 1 in Unarmed Combat
    61 | D:5      | Reached skill level 1 in Spellcasting
    61 | D:5      | Reached skill level 1 in Invocations
    61 | D:5      | Reached skill level 1 in Evocations
    61 | D:5      | Reached XP level 2. HP: 29/29 MP: 1/3
    61 | D:5      | Reached XP level 3. HP: 35/35 MP: 1/4
    61 | D:5      | Reached XP level 4. HP: 41/41 MP: 1/5
   135 | D:4      | Reached skill level 1 in Conjurations
   135 | D:4      | Reached skill level 1 in Hexes
   135 | D:4      | Reached skill level 1 in Summonings
   135 | D:4      | Reached skill level 1 in Necromancy
   135 | D:4      | Reached skill level 1 in Translocations
   135 | D:4      | Reached skill level 1 in Transmutations
   135 | D:4      | Reached skill level 1 in Fire Magic
   135 | D:4      | Reached skill level 1 in Ice Magic
   135 | D:4      | Reached skill level 1 in Air Magic
   135 | D:4      | Reached skill level 1 in Earth Magic
   135 | D:4      | Reached skill level 1 in Poison Magic
   357 | D:3      | Reached XP level 5. HP: 31/47 MP: 5/7
  1591 | D:2      | Noticed Jessica
  1714 | D:2      | Reached XP level 6. HP: 24/53 MP: 8/8
  2019 | D:2      | Slain by a gnoll

Illustrated notes

Levels and vault maps discovered:
D:1:      minmay_arrival_up_and_down, layout_rooms
D:2:      layout_rooms, minmay_misc_feat_tiny, kennysheep_cross_bottleneck,
          uniq_jessica
D:3:      layout_basic, goddamned_bats
D:4:      layout_layer_cave, lemuel_doored_altar,
          chequers_temple_overflow_statue_of_worship, enter_ossuary_3
D:5:      layout_loops_cross, minmay_temple_entry_purple_smoke, uniq_duvessa

Skill      XL: |  1  2  3  4  5 |
---------------+----------------+-----
Stealth        | |  9.7
Long Blades    | 1 |  1.8
Axes           | 1 |  1.8
Maces & Flails | 1 |  1.8
Polearms       | 1 |  1.8
Staves         | 1 |  1.8
Slings         | 1 |  1.8
Bows           | 1 |  1.8
Crossbows      | 1 |  1.8
Throwing       | 1 |  1.8
Armour         | 1 |  1.8
Shields        | 1 |  1.8
Unarmed Combat | 1 |  1.8
Spellcasting   | 1 |  1.8
Invocations    | 1 2 |  2.0
Evocations     | 1 |  1.8
Conjurations   | 1 |  1.4
Hexes          | 1 |  1.4
Summonings     | 1 |  1.4
Necromancy     | 1 |  1.4
Translocations | 1 |  1.4
Transmutations | 1 |  1.4
Fire Magic     | 1 |  1.4
Ice Magic      | 1 |  1.4
Air Magic      | 1 |  1.4
Earth Magic    | 1 |  1.4
Poison Magic   | 1 |  1.4
Fighting       | |  6.8
Short Blades   | |  4.9
Dodging        | |  4.9

Action                   |  1- 3 |  4- 6 || total
-------------------------+-------+-------++-------
Melee: Short sword       |     1 |   165 ||   166
       Bite              |       |    26 ||    26
       Punch             |       |     3 ||     3
Throw: Dart              |       |     4 ||     4
 Stab: Sleeping          |     1 |    19 ||    20
Armor: Leather armour    |       |    38 ||    38
Dodge: Dodged            |       |   140 ||   140
